Cogmind - Beta 16.1 @@@ ROGUE MODE // 2026.04.17 @ 16:13:33 Player: Alyssa Result: Destroyed by G-50 Soldier with Heavy Laser Performance ------------- Evolutions (4) 2000 Regions Visited (10) 2000 Robots Destroyed (33) 165 Value Destroyed (1544) 1544 Prototype IDs (30) 600 Alien Tech Used (0) 0 Bonus (849) 849 TOTAL SCORE: 7158 Bonus ------- High Alert Combat Kills 6 Follower Combat Kills 207 Entered Garrisons 200 Entered DSFs 500 Aligned with FarCom 300 Friendly Fire -364 Cogmind --------- Core Integrity 0/850 Matter 235/300 Energy 98/100 System Corruption 2% Temperature Cool (10) Movement Treading (160) Location -6/Extension Parts ------- > --- POWER (2) -------- (None) > --- PROPULSION (4) --- Light Treads (fused) > --- UTILITY (6) ------ Enhanced Optical Array Improved Propulsion Shielding Improved Light Armor Plating > --- WEAPON (3) ------- (None) > --- INVENTORY (5) ---- Neutrino Core Small Battery (100) Gauss Cannon Peak State ------------ > --- POWER ------------ Light Angular Momentum Engine Cold Fusion Reactor > --- PROPULSION ------- Improved Carbon-fiber Leg Improved Carbon-fiber Leg Improved Carbon-fiber Leg Improved Carbon-fiber Leg > --- UTILITY ---------- Advanced Weight Redist. System Enhanced Optical Array IFF Parser Modified TNC System Shield System Shield > --- WEAPON ----------- Gauss Cannon Heavy Flak Cannon > --- INVENTORY -------- Improved Cooling System Small Battery Experimental Sensor Array Improved Propulsion Shielding Gauss Cannon [Rating: 63] Favorites ----------- Power Light Ion Engine Engine Light Ion Engine Power Core Light Nuclear Core Reactor Cold Fusion Reactor Propulsion Wheel Treads Light Treads Leg Improved Carbon-fiber Leg Wheel Wheel Flight Unit VTOL Module Utility Modified TNC Device Advanced Weight Redist. System Storage Large Storage Unit Processor Modified TNC Hackware System Shield Protection Light Armor Plating Weapon Heavy EM Pulse Gun Energy Gun Heavy EM Pulse Gun Energy Cannon Light EM Pulse Cannon Ballistic Cannon Gauss Cannon Slashing Weapon Phasing Sabre Build | -11 -10 -10 -10 -9 -8 -7 -7 -7 -6 -6 ------- Run | Yrd Mat Min Exi Min Mat Fac DSF Gar Fac Ext Slots Evolved 8 | . . . . . 4 2 . . 2 . Power 1 | . . . . . 1 . . . . . Propulsion 2 | . . . . . 1 1 . . . . Utility 4 | . . . . . 2 1 . . 1 . Weapon 1 | . . . . . . . . . 1 . Parts Attached 66 | 7 4 2 2 4 4 5 . 17 12 9 Power 12 | 1 . 1 . 1 1 . . 5 3 . Engine 7 | 1 . 1 . 1 . . . 3 1 . Core 4 | . . . . . 1 . . 2 1 . Reactor 1 | . . . . . . . . . 1 . Propulsion 17 | 2 . . . 1 . 2 . 5 5 2 Treads 3 | . . . . . . . . 2 . 1 Leg 5 | . . . . . . . . . 4 1 Wheel 5 | 2 . . . 1 . 2 . . . . Hover . | . . . . . . . . . . . Flight 4 | . . . . . . . . 3 1 . Utility 19 | 2 1 1 2 . 1 2 . 5 2 3 Device 7 | 1 . . . . 1 2 . 2 1 . Storage 3 | 1 . 1 1 . . . . . . . Processor 2 | . . . 1 . . . . . 1 . Hackware 3 | . . . . . . . . 2 . 1 Protection 4 | . 1 . . . . . . 1 . 2 Artifact . | . . . . . . . . . . . Weapon 18 | 2 3 . . 2 2 1 . 2 2 4 Energy Gun 10 | 2 3 . . 1 1 1 . 2 . . Energy Cannon 1 | . . . . 1 . . . . . . Ballistic Gun . | . . . . . . . . . . . Ballistic Cannon 4 | . . . . . 1 . . . 2 1 Launcher . | . . . . . . . . . . . Special Weapon . | . . . . . . . . . . . Impact Weapon . | . . . . . . . . . . . Slashing Weapon 3 | . . . . . . . . . . 3 Piercing Weapon . | . . . . . . . . . . . Special Melee Weapon . | . . . . . . . . . . . Unidentified Prototypes 4 | . . . . . 1 1 . 1 1 . Corrupted Parts 4 | . . . . 1 . . . 3 . . System Corruption 21 | . . . . 10 . . . 11 . . Parts Lost 37 | . . . . 5 . . . 16 . 16 Power 7 | . . . . 1 . . . 5 . 1 Propulsion 12 | . . . . 1 . . . 6 . 5 Utility 8 | . . . . . . . . 2 . 6 Weapon 10 | . . . . 3 . . . 3 . 4 Highest Loss Streak 13 | . . . . 4 . . . 4 . 13 To Critical Strikes . | . . . . . . . . . . . Average Backups 10 | 3 7 8 9 14 14 14 14 12 4 4 Power . | . 1 1 1 . . . . . . . Propulsion 1 | 2 4 3 3 3 3 3 2 . . . Utility 7 | . . 2 4 9 10 9 10 10 4 3 Weapon 1 | . 1 1 1 . . 2 2 1 . 1 Tool/Special . | . . . . . . . . . . . Unused Backups 14 | . 1 1 . 1 1 1 3 5 . 1 Power . | . . . . . . . . . . . Propulsion 4 | . . 1 . . . . 3 . . . Utility 9 | . . . . 1 1 1 . 5 . 1 Weapon 1 | . 1 . . . . . . . . . Tool/Special . | . . . . . . . . . . . Average Slot Usage (%) 79 | . 100 100 100 71 79 87 92 77 76 63 Engine 8 | . 14 14 14 11 9 7 7 6 4 3 Core 1 | . . . . . 2 7 7 2 1 . Treads 2 | . . . . . . . . 6 . 1 Leg 3 | . . . . . . . . . 17 15 Wheel 13 | . 28 28 28 14 17 18 23 9 . . Device 6 | . 2 . . . 8 15 15 10 10 7 Storage 7 | . 14 15 14 14 9 7 7 6 . . Processor 7 | . . . 2 14 9 7 7 7 10 10 Hackware 5 | . . . . . . . . 10 13 7 Protection 4 | . 12 12 11 . 8 7 7 2 . 3 Energy Gun 13 | . 28 28 28 12 6 14 15 13 . . Ballistic Cannon 1 | . . . . . 1 . . . 7 7 Peak Build Rating 63 | 7 9 9 15 22 39 45 41 48 63 63 Average Rating 30 | 5 8 8 10 20 34 41 40 37 49 41 On Entrance 24 | . 7 9 9 15 21 39 40 41 24 63 Avg Prop Armor Cover (%) 3 | . . . . . . . . 3 . . Naked Turns . | . . . . . . . . . . . Heaviest Build 56 | 12 17 19 32 29 41 41 40 56 37 37 Greatest Support 81 | 20 20 20 20 28 38 63 63 63 81 81 Greatest Overweight (x) 2 | . . . 1 2 1 . . 2 . 1 Average Overweight (x) . | . . . . . . . . . . . Largest Inventory Capacity 15 | 8 8 8 15 15 15 15 15 15 5 5 Average Capacity 11 | 7 8 8 12 15 15 15 15 13 5 5 Most Carried 15 | 6 8 8 12 15 15 15 15 15 5 5 Average Carried 10 | 4 7 7 9 14 14 14 14 12 4 4 Final Capacity 15 | 8 8 8 15 15 15 15 15 5 5 5 Final Carried 15 | 6 8 8 12 15 15 15 14 4 5 3 Class Distribution -------------------- 56% | Mutant 20% | Hacker-Mutant 9% | Skirmisher 6% | Hacker-Skirmisher 4% | Scavenger-Mutant Dominant Class ---------------- Mutant | -10/Materials Mutant | -10/Mines Mutant | -10/Exiles Mutant | -9/Mines Skirmisher | -8/Materials Skirmisher | -7/Factory Mutant | -7/DSF Hacker-Mutant | -7/Garrison Hacker-Mutant | -6/Factory Mutant | -6/Extension Resources | -11 -10 -10 -10 -9 -8 -7 -7 -7 -6 -6 ----------- Run | Yrd Mat Min Exi Min Mat Fac DSF Gar Fac Ext Matter Collected 1185 | 270 40 10 . 104 84 20 . 327 3 327 Remotely 10 | 10 . . . . . . . . . . Salvage Created 1315 | 130 133 . . 104 110 . . 684 . 154 Parts 61 | 12 8 . . 6 5 . . 27 . 3 Haulers Intercepted 2 | . . . . . 1 . . . . 1 Recyclers Shooed 1 | 1 . . . . . . . . . . Parts Field Recycled . | . . . . . . . . . . . Retrieved Matter . | . . . . . . . . . . . Parts Self-Destructed . | . . . . . . . . . . . Prevented . | . . . . . . . . . . . Parts Restored . | . . . . . . . . . . . Kills | -11 -10 -10 -10 -9 -8 -7 -7 -7 -6 -6 ------- Run | Yrd Mat Min Exi Min Mat Fac DSF Gar Fac Ext Combat Hostiles Destroyed 26 | . 4 . . 2 1 . . 14 . 5 Guns 15 | . 3 . . . . . . 12 . . Cannons 7 | . . . . 2 1 . . . . 4 AOE 3 | . 1 . . . . . . 1 . 1 Classes Destroyed 8 | 2 2 . . . 2 . . 2 . . Tunneler 3 | 3 . . . . . . . . . . Hauler 2 | . . . . . 1 . . . . 1 Recycler 1 | 1 . . . . . . . . . . Swarmer 6 | . 2 . . . . . . 1 . 3 Grunt 10 | . 2 . . 2 . . . 6 . . Brawler 1 | . . . . . . . . 1 . . Sentry 9 | . . . . . 1 . . 6 . 2 Infiltrator 1 | . . . . . . . . 1 . . Best Kill Streak 4 | 4 4 . . 2 1 . . 3 . 2 Combat Bots Only 4 | . 4 . . 2 1 . . 3 . 2 Max Kills in Single Turn 2 | 2 1 . . 1 1 . . 2 . 1 Gunslinging 1 | . . . . . . . . 1 . . Exploded 1 | . 1 . . . . . . 1 . 1 Melee . | . . . . . . . . . . . Uniques/NPCs Destroyed . | . . . . . . . . . . . Combat | -11 -10 -10 -10 -9 -8 -7 -7 -7 -6 -6 -------- Run | Yrd Mat Min Exi Min Mat Fac DSF Gar Fac Ext Hostile Shots Fired 855 | . 15 . . 47 8 . 1 393 . 391 Missed 346 | . 9 . . 12 5 . . 177 . 143 Hits 509 | . 6 . . 35 3 . 1 216 . 248 Melee 1 | . . . . . . . . 1 . . Projectile 508 | . 6 . . 35 3 . 1 215 . 248 AOE 4 | . . 4 . . . . . . . . Critical Strikes 4 | . 1 . . 1 . . . 1 . 1 Damage Taken 5024 | . 58 92 . 507 44 . 48 1813 . 2462 Core 1507 | . . 31 . 157 . . 48 420 . 851 Absorbed by Shields 153 | . . . . . . . . 153 . . Redirected to Shielding 56 | . . . . . . . . . . 56 Core Remaining (%) 64 | 100 . . . 24 100 . . 33 . . Volleys Fired 135 | 6 11 2 . 15 7 . . 54 13 27 Largest 2 | 2 2 2 . 1 2 . . 2 2 2 Hottest 141 | 80 90 90 . 56 106 . . 141 84 84 Shots Fired 219 | 12 22 4 . 15 14 1 . 101 20 30 Gun 154 | 12 22 4 . 7 7 1 . 101 . . Cannon 65 | . . . . 8 7 . . . 20 30 Launcher . | . . . . . . . . . . . Special . | . . . . . . . . . . . Kinetic 54 | . . . . . 4 . . . 20 30 Thermal 85 | 6 . . . . . 1 . 78 . . Explosive . | . . . . . . . . . . . Electromagnetic 80 | 6 22 4 . 15 10 . . 23 . . Robot Hit Streak 13 | 3 4 1 . 2 2 1 . 13 1 4 Robot Miss Streak 11 | 1 5 3 . 4 3 3 . 5 2 11 Penetration Max . | . . . . . . . . . . . Secondary Targets 3 | . . . . . . . . 3 . . Max Gunslinging Chain 1 | . . . . . . . . 1 . . Shots Hit Robots 137 | 6 8 2 . 6 8 1 . 74 2 30 Core Hits 107 | 5 6 . . 4 2 1 . 69 . 20 Critical Kills . | . . . . . . . . . . . Critical Parts Destroyed . | . . . . . . . . . . . Critical Strikes 2 | . . . . . . . . 1 1 . Burn 1 | . . . . . . . . 1 . . Blast 1 | . . . . . . . . . 1 . Melee Attacks 11 | . . . . . . . . . . 11 Impact . | . . . . . . . . . . . Slashing 11 | . . . . . . . . . . 11 Piercing . | . . . . . . . . . . . Sneak Attacks . | . . . . . . . . . . . Combat Hostiles . | . . . . . . . . . . . Follow-up Attacks 2 | . . . . . . . . . . 2 Damage Inflicted 3633 | 168 213 27 . 158 112 11 . 1915 54 975 Guns 1918 | 81 143 27 . 33 44 11 . 1579 . . Cannons 684 | . . . . 66 68 . . . 54 496 Explosions 552 | 87 70 . . 59 . . . 336 . . Melee 388 | . . . . . . . . . . 388 Ramming 91 | . . . . . . . . . . 91 Kinetic 578 | . . . . . 28 . . . 54 496 Thermal 1575 | 130 70 . . 59 . 11 . 1305 . . Explosive 264 | . . . . . . . . 264 . . Electromagnetic 737 | 38 143 27 . 99 84 . . 346 . . Impact . | . . . . . . . . . . . Slashing 388 | . . . . . . . . . . 388 Piercing . | . . . . . . . . . . . Highest Corruption 14 | . . . . 11 1 1 1 14 2 2 Average Corruption 6 | . . . . 10 1 1 1 7 2 2 Corruption Purged . | . . . . . . . . . . . Corruption Blocked . | . . . . . . . . . . . Effects 73 | . . . . 21 . 2 . 42 . 8 Message Errors 21 | . . . . 8 . . . 13 . . Matter Fused 16 | . . . . 2 . . . 12 . 2 Heat Flow Errors 5 | . . . . 3 . . . 2 . . Energy Discharges 11 | . . . . 4 . 1 . 4 . 2 Parts Fused 2 | . . . . . . . . 1 . 1 Data Loss (minor) 11 | . . . . 4 . . . 4 . 3 Data Loss (major) 4 | . . . . . . . . 4 . . Misfires 1 | . . . . . . 1 . . . . Alerts 1 | . . . . . . . . 1 . . Weapon Failures 1 | . . . . . . . . 1 . . Overload Shots . | . . . . . . . . . . . Overflow Damage 54 | . 8 . . . . . . 45 . 1 Projectiles . | . . . . . . . . . . . Explosions 53 | . 8 . . . . . . 45 . . Melee 1 | . . . . . . . . . . 1 Knockbacks 7 | . . . . . . . . . 1 6 Impact . | . . . . . . . . . . . Kinetic 4 | . . . . . . . . . 1 3 Secondary 3 | . . . . . . . . . . 3 Self-Inflicted Damage 133 | . . . . . . . . 133 . . Shots 1 | . . . . . . . . 1 . . Rammed . | . . . . . . . . . . . Targets Rammed 22 | . . . . . . . . . . 22 Kicked 22 | . . . . . . . . . . 22 Crushed . | . . . . . . . . . . . Highest Temperature 510 | 92 298 78 . 247 135 . . 510 . . Average Temperature 93 | 41 146 41 . 67 49 . . 115 . . Received Heat Transfer 1498 | . 27 . . 273 9 . . 547 . 642 Effects 5 | . 1 . . 1 . . . 3 . . Shutdowns 2 | . . . . . . . . 2 . . Energy Bleed 2 | . 1 . . 1 . . . . . . Matter Decay 1 | . . . . . . . . 1 . . Siege Activations . | . . . . . . . . . . . Martial Activations . | . . . . . . . . . . . Shielding Activations . | . . . . . . . . . . . Robots Disrupted . | . . . . . . . . . . . Combat Hostiles . | . . . . . . . . . . . Robots Corrupted . | . . . . . . . . . . . Combat Hostiles . | . . . . . . . . . . . Parts Fried . | . . . . . . . . . . . Impact Corruptions . | . . . . . . . . . . . Robots Melted 1 | . . . . . . . . 1 . . Combat Hostiles 1 | . . . . . . . . 1 . . Parts Melted 7 | . . . . . . . . 7 . . Heat Transferred 2267 | 200 150 . . 100 . 10 . 1807 . . Parts Sabotaged . | . . . . . . . . . . . Parts Stolen . | . . . . . . . . . . . Parts Stripped . | . . . . . . . . . . . Power Chain Reactions 6 | 1 2 . . 1 . . . 2 . . Alert | -11 -10 -10 -10 -9 -8 -7 -7 -7 -6 -6 ------- Run | Yrd Mat Min Exi Min Mat Fac DSF Gar Fac Ext Maximum Alert Level 3 | . . . . . . . . 3 2 . Low Security (%) 66 | 100 100 100 . 100 100 100 100 30 . 100 Level 1 20 | . . . . . . . . 38 85 . Level 2 7 | . . . . . . . . 15 14 . Level 3 5 | . . . . . . . . 15 . . Level 4 . | . . . . . . . . . . . Level 5 . | . . . . . . . . . . . High Security . | . . . . . . . . . . . Max Security . | . . . . . . . . . . . Peak Influence 812 | 15 105 33 . 96 33 19 3 812 417 137 Initial 417 | . . 33 . . 33 5 3 2 417 137 Average 168 | 2 37 12 . 18 9 1 3 340 351 53 Influence Increases 1603 | 20 115 . . 196 51 24 . 975 4 218 Destroy 0b10 Robot/C 660 | . 80 . . 40 20 . . 380 . 140 Destroy 0b10 Robot/NC 30 | 20 . . . . 5 . . . . 5 Destroy Leader 82 | . 20 . . 10 12 . . 30 . 10 Allied During Kill 28 | . . . . . . . . 26 . 2 Trap Triggered on 0b10 20 | . . . . 20 . . . . . . Successful Hack 76 | . . . . . 11 24 . 28 . 13 Anti-Garrison Action 300 | . . . . . . . . 300 . . Destroy Structure 107 | . . . . 6 3 . . 91 4 3 Partial Spotted 15 | . . . . . . . . 15 . . Lose Combat Pursuer 285 | . 15 . . 120 . . . 105 . 45 Influence Decreases 1582 | 20 30 85 . 110 124 32 2 181 520 478 Entered New Map 640 | . . 52 . . 53 8 2 1 380 144 Time Decay 641 | 20 30 33 . 110 71 24 . . 140 213 Lost Part 254 | . . . . . . . . 160 . 94 Lost Ally 47 | . . . . . . . . 20 . 27 Squads Dispatched 10 | . 2 . . . 2 1 . . 1 4 Investigation 7 | . . . . . 2 1 . . 1 3 Extermination . | . . . . . . . . . . . Reinforcement 3 | . 2 . . . . . . . . 1 Assault . | . . . . . . . . . . . Garrison . | . . . . . . . . . . . Intercept . | . . . . . . . . . . . Searches Triggered . | . . . . . . . . . . . Construction Impeded . | . . . . . . . . . . . Haulers Reinforced . | . . . . . . . . . . . Active Scanning Responses . | . . . . . . . . . . . Cargo Convoy Interrupts . | . . . . . . . . . . . Stealth | -11 -10 -10 -10 -9 -8 -7 -7 -7 -6 -6 --------- Run | Yrd Mat Min Exi Min Mat Fac DSF Gar Fac Ext Distress Signals 4 | . 1 . . . 1 . . . . 2 Communications Jammed . | . . . . . . . . . . . Distress Signals . | . . . . . . . . . . . Times Spotted 66 | . 8 2 . 12 4 . 1 23 1 15 Peak Tracking Total 5 | . 3 2 . 3 3 . 1 5 1 5 Tactical Retreats 13 | . 1 . . 4 . . . 5 . 3 Traps | -11 -10 -10 -10 -9 -8 -7 -7 -7 -6 -6 ------- Run | Yrd Mat Min Exi Min Mat Fac DSF Gar Fac Ext Traps Triggered 11 | . . . . 3 . . . 5 1 2 Indirectly . | . . . . . . . . . . . Trap Hack Attempts . | . . . . . . . . . . . Triggered . | . . . . . . . . . . . Disarmed . | . . . . . . . . . . . Reprogrammed . | . . . . . . . . . . . Reused 2 | . . . . 2 . . . . . . Traps Extracted . | . . . . . . . . . . . Installed 2 | . . . . 2 . . . . . . Triggered 2 | . . . . 2 . . . . . . Most Traps Carried 1 | . . . . 1 . . . . . . Machines | -11 -10 -10 -10 -9 -8 -7 -7 -7 -6 -6 ---------- Run | Yrd Mat Min Exi Min Mat Fac DSF Gar Fac Ext Machines Disabled 3 | . . . . . . . . 3 . . Max in Single Turn 1 | . . . . . . . . 1 . . Garrison Relay 1 | . . . . . . . . 1 . . Phase Generator 1 | . . . . . . . . 1 . . Machines Repaired . | . . . . . . . . . . . Machines Dismantled . | . . . . . . . . . . . Machines Sabotaged . | . . . . . . . . . . . Overloaded Fab Kills . | . . . . . . . . . . . Hacking | -11 -10 -10 -10 -9 -8 -7 -7 -7 -6 -6 --------- Run | Yrd Mat Min Exi Min Mat Fac DSF Gar Fac Ext Machines Accessed 28 | . . . 5 1 5 3 . 4 5 5 Terminals 20 | . . . . . 3 3 . 4 5 5 Fabricators . | . . . . . . . . . . . Repair Stations . | . . . . . . . . . . . Recycling Units 1 | . . . . . 1 . . . . . Scanalyzers 1 | . . . . . 1 . . . . . Garrison Access . | . . . . . . . . . . . Total Hacks 111 | . . . 50 1 16 11 . 11 14 8 Successful 69 | . . . 50 1 6 4 . 2 3 3 Failed 42 | . . . . . 10 7 . 9 11 5 Catastrophic 16 | . . . . . 4 1 . 5 5 1 Database Lockouts . | . . . . . . . . . . . Manual 29 | . . . 2 . 8 7 . 6 4 2 Terminals 53 | . . . . . 9 11 . 11 14 8 Fabricators . | . . . . . . . . . . . Repair Stations . | . . . . . . . . . . . Recycling Units 2 | . . . . . 2 . . . . . Scanalyzers 5 | . . . . . 5 . . . . . Garrison Access . | . . . . . . . . . . . Terminal Hacks 65 | . . . 50 1 2 4 . 2 3 3 Record 50 | . . . 49 . . . . . 1 . Prototype ID Bank 2 | . . . . . 1 1 . . . . Open Door 5 | . . . . 1 . . . . 1 3 Open DSF 1 | . . . . . . 1 . . . . Branch Access Points 1 | . . . . . . 1 . . . . Emergency Access Points 1 | . . . . . . . . 1 . . Terminal Index 3 | . . . . . 1 1 . . 1 . Garrison Registry 1 | . . . . . . . . 1 . . Proto ID Catalog 1 | . . . 1 . . . . . . . Fabricator Hacks . | . . . . . . . . . . . Repair Station Hacks . | . . . . . . . . . . . Recycling Unit Hacks . | . . . . . . . . . . . Scanalyzer 4 | . . . . . 4 . . . . . Retrieve Study 4 | . . . . . 4 . . . . . Garrison Access Hacks . | . . . . . . . . . . . Unauthorized Hacks . | . . . . . . . . . . . Terminals . | . . . . . . . . . . . Fabricators . | . . . . . . . . . . . Repair Stations . | . . . . . . . . . . . Recycling Units . | . . . . . . . . . . . Scanalyzers . | . . . . . . . . . . . Garrison Access . | . . . . . . . . . . . Data Cores Recovered . | . . . . . . . . . . . Used . | . . . . . . . . . . . Hacking Detections 19 | . . . . . 5 2 . 4 4 4 Full Trace Events 8 | . . . . . 2 1 . 2 1 2 Feedback Events 3 | . . . . . 1 1 . 1 . . Corruption 3 | . . . . . 1 1 . 1 . . Feedback Blocked . | . . . . . . . . . . . Robot Schematics Acquired . | . . . . . . . . . . . Robots Built . | . . . . . . . . . . . Authchips . | . . . . . . . . . . . Time . | . . . . . . . . . . . Total Robot Build Rating . | . . . . . . . . . . . Part Schematics Acquired . | . . . . . . . . . . . Parts Built . | . . . . . . . . . . . Authchips . | . . . . . . . . . . . Time . | . . . . . . . . . . . Total Part Build Rating . | . . . . . . . . . . . Part Studies Acquired 3 | . . . . . 3 . . . . . Parts Repaired . | . . . . . . . . . . . Time . | . . . . . . . . . . . Parts Recycled . | . . . . . . . . . . . Recycled Matter . | . . . . . . . . . . . Retrieved Matter . | . . . . . . . . . . . Retrieved Components . | . . . . . . . . . . . Parts Scanalyzed . | . . . . . . . . . . . Part Schematics Acquired . | . . . . . . . . . . . Parts Damaged . | . . . . . . . . . . . Bothacking | -11 -10 -10 -10 -9 -8 -7 -7 -7 -6 -6 ------------ Run | Yrd Mat Min Exi Min Mat Fac DSF Gar Fac Ext Used RIF Installer . | . . . . . . . . . . . Robots Hacked . | . . . . . . . . . . . Non-combat . | . . . . . . . . . . . Combat . | . . . . . . . . . . . Robot Hacks Applied . | . . . . . . . . . . . Relay Couplers Released 5 | . . . . . . . . 5 . . Machine Destruction 5 | . . . . . . . . 5 . . Fabnet Peak Effective % . | . . . . . . . . . . . Robots Rewired 1 | . . . . . . . . . . 1 Allies Hacked . | . . . . . . . . . . . Hacks Repelled . | . . . . . . . . . . . Allies | -11 -10 -10 -10 -9 -8 -7 -7 -7 -6 -6 -------- Run | Yrd Mat Min Exi Min Mat Fac DSF Gar Fac Ext Total Allies 6 | . . . . . . . . 2 . 4 Largest Group 2 | . . . . . . . . 2 . 2 Highest-Rated Group 124 | . . . . . . . . 124 . 64 Highest-Rated Ally 62 | . . . . . . . . 62 . 39 Initial Warlord ECA Mod 3 | . . . . . . . . . 3 3 Total Orders . | . . . . . . . . . . . Ally Attacks 24 | . . . . . . . . 15 . 9 Total Damage 636 | . . . . . . . . 377 . 259 Kills 7 | . . . . . . . . 5 . 2 Allies Corrupted . | . . . . . . . . . . . Allies Melted . | . . . . . . . . . . . Intel | -11 -10 -10 -10 -9 -8 -7 -7 -7 -6 -6 ------- Run | Yrd Mat Min Exi Min Mat Fac DSF Gar Fac Ext Active Infowar (turns) 3538 | . . . 109 628 244 256 52 1422 284 543 Optics 713 | . . . . . . . . . 170 543 Sensors 374 | . . . . . 232 142 . . . . IFF 472 | . . . . . . . . . 191 281 T.N.C. 3334 | . . . 109 628 244 256 52 1422 284 339 Robot Analysis Total . | . . . . . . . . . . . Derelict Logs Recovered 3 | . . 1 . 2 . . . . . . Drone Launches . | . . . . . . . . . . . Drone Recoveries . | . . . . . . . . . . . Exploration | -11 -10 -10 -10 -9 -8 -7 -7 -7 -6 -6 ------------- Run | Yrd Mat Min Exi Min Mat Fac DSF Gar Fac Ext Turns Passed 4315 | 83 135 116 552 628 244 256 52 1422 284 543 Spaces Moved 3348 | 63 113 101 618 502 204 243 53 775 366 310 Core 185 | 4 . . . . . . . 142 . 39 Treads 300 | . . . . . . . . 236 . 64 Legs 337 | . . . . . . . . . 130 207 Wheels 2202 | 59 113 101 618 502 204 243 53 309 . . Hover . | . . . . . . . . . . . Flight 324 | . . . . . . . . 88 236 . Fastest Speed 29 | 50 80 80 80 95 90 90 93 29 30 50 Average Speed 100 | 78 80 80 88 105 94 91 93 130 62 119 Slowest Speed 320 | 80 80 80 95 115 105 93 93 320 120 160 Overloaded Moves . | . . . . . . . . . . . Propulsion Burnouts . | . . . . . . . . . . . Robots Hopped . | . . . . . . . . . . . Potential Cave-ins . | . . . . . . . . . . . Cave-ins Triggered . | . . . . . . . . . . . Exploration Rate (%) 41 | 4 31 34 91 84 27 9 46 74 11 41 Regions Visited 10 Branch Regions 4 Pre-discovered Areas 1 | . . . 1 . . . . . . . Known Exits Taken 2 | . . . . . 1 1 . . . . Unknown Exits Taken 6 | 1 1 1 1 1 . . . . 1 . Scrap Searched 2 | . . . . 2 . . . . . . Spaces Dug 4 | . . . . . . . . . 4 . Terrain Destroyed 96 | . . . . 6 3 . . 79 6 2 Melee . | . . . . . . . . . . . Projectile 11 | . . . . . 3 . . . 6 2 AOE 85 | . . . . 6 . . . 79 . . Terrain Rammed . | . . . . . . . . . . . Walls Destroyed . | . . . . . . . . . . . Machines Disabled . | . . . . . . . . . . . Actions | -11 -10 -10 -10 -9 -8 -7 -7 -7 -6 -6 --------- Run | Yrd Mat Min Exi Min Mat Fac DSF Gar Fac Ext Total 4040 | 81 136 133 626 584 241 277 57 1075 396 434 Wait 345 | . . 21 . 49 18 24 . 192 . 41 Move 3334 | 62 112 100 617 501 203 242 52 770 365 310 Hop . | . . . . . . . . . . . Pick Up 36 | 6 3 1 5 7 4 3 2 1 1 3 Fast Attach 49 | 7 2 2 . 4 3 1 . 13 12 5 Attach 14 | . . . . 2 3 1 . 4 . 4 Detach 10 | . 2 . . 1 1 . . 5 . 1 Swap 13 | . 2 2 2 . . 3 . 4 . . Drop 35 | . 4 5 2 3 2 3 3 4 5 4 Fire 135 | 6 11 2 . 15 7 . . 54 13 27 Melee 9 | . . . . . . . . . . 9 Ram . | . . . . . . . . . . . Kick 22 | . . . . . . . . . . 22 Crush . | . . . . . . . . . . . Escape Stasis 28 | . . . . . . . . 28 . . Rewire 8 | . . . . . . . . . . 8 Trap 2 | . . . . 2 . . . . . . Miscellaneous . | . . . . . . . . . . . Route ------- -11/Scrapyard -10/Materials -10/Mines (discovered 2 exits: [*Mat] / *Exi) -10/Exiles -9/Mines -8/Materials (discovered 3 exits: *Fac x3) -7/Factory (discovered 3 exits: Low x2 / DSF) -7/DSF -7/Garrison (discovered 3 exits: *Fac x3) -6/Factory -6/Extension History --------- Turn | Location | Event 10 | -11/Scrapyard | Discovered new exit (range 15) 84 | -11/Scrapyard | Entered Materials 201 | -10/Materials | Met 8R-AWN 207 | -10/Materials | Discovered new exit (range 13) 219 | -10/Materials | Entered Mines 220 | -10/Mines | Followed 8R-AWN into the Mines 232 | -10/Mines | Assembled infested the area 251 | -10/Mines | Learned 2 Materials zone layouts 269 | -10/Mines | Discovered new exit (range 15) 331 | -10/Mines | Discovered new exit (range 5) 335 | -10/Mines | Entered Exiles 342 | -10/Exiles | Build established: Mutant 357 | -10/Exiles | Welcomed by 8R-AWN 368 | -10/Exiles | Met EX-HEX 400 | -10/Exiles | Met EX-DEC 429 | -10/Exiles | Visited The Gauntlet 528 | -10/Exiles | Learned location of Zion (-7) 621 | -10/Exiles | Discovered new exit (range 11) 719 | -10/Exiles | Met EX-BIN 732 | -10/Exiles | Aligned with FarCom system 733 | -10/Exiles | Given EX-Vault access code 766 | -10/Exiles | Opened EX-Vault 777 | -10/Exiles | Found Modified TNC 815 | -10/Exiles | Warned to stay clear of 0b10 Research branches 887 | -10/Exiles | Left Exiles lab with Modified TNC 887 | -10/Exiles | Entered Mines 902 | -9/Mines | Met a Derelict who couldn't figure out how to use a Trap Extractor 909 | -9/Mines | System corruption reached 10% 1005 | -9/Mines | Learned Materials security intel 1158 | -9/Mines | Received a Rocket Launcher from a helpful Derelict 1181 | -9/Mines | Core integrity fell below 50% 1215 | -9/Mines | Learned 8 Materials zone layouts 1222 | -9/Mines | Lost 4 parts (1p3w) 1242 | -9/Mines | Found a hidden stash of uninstalled traps 1365 | -9/Mines | Found a damaged Exp. Sensor Array with a note attached 1367 | -9/Mines | Found Prototype Device 1509 | -9/Mines | Discovered new exit (range 4) 1515 | -9/Mines | Entered Materials 1515 | -8/Materials | Evolved 4 slots: Power x1, Propulsion x1, Utility x2 1516 | -8/Materials | Identified exit to Factory 1527 | -8/Materials | Identified Exp. Sensor Array 1759 | -8/Materials | Entered Factory 1759 | -7/Factory | Evolved 2 slots: Propulsion x1, Utility x1 1809 | -7/Factory | Identified exit to Lower Caves 1861 | -7/Factory | Build established: Skirmisher 2014 | -7/Factory | Identified exit to DSF 2015 | -7/Factory | Entered DSF 2052 | -7/DSF | Discovered new exit (range 13) 2061 | -7/DSF | Additional patrols routed to DSF 2067 | -7/DSF | Entered Garrison 2197 | -7/Garrison | Build established: Mutant 2263 | -7/Garrison | Triggered checkpoint 2297 | -7/Garrison | Discovered new exit (range 14) 2311 | -7/Garrison | Attempted to access garrison exit controls, blocked by remote lockdown 2329 | -7/Garrison | Triggered checkpoint 2610 | -7/Garrison | System corruption reached 10% 2613 | -7/Garrison | Lost 3 parts (1p1n1w) 2777 | -7/Garrison | Triggered checkpoint 2817 | -7/Garrison | Build established: Hacker-Mutant 2838 | -7/Garrison | Found embedded Infiltrators 2906 | -7/Garrison | Garrison Relay disabled 3041 | -7/Garrison | Triggered checkpoint 3165 | -7/Garrison | Phase Generator disabled 3211 | -7/Garrison | Discovered new exit (range 88) 3211 | -7/Garrison | Discovered new exit (range 17) 3211 | -7/Garrison | Discovered new exit (range 67) 3252 | -7/Garrison | Attempted to access garrison exit controls, blocked by remote lockdown 3372 | -7/Garrison | Core integrity fell below 50% 3472 | -7/Garrison | Lost 4 parts (1p1n1u1w) 3489 | -7/Garrison | Entered Factory 3489 | -6/Factory | Evolved 2 slots: Utility x1, Weapon x1 3736 | -6/Factory | Discovered new exit (range 9) 3773 | -6/Factory | Entered Extension 3866 | -6/Extension | Spotted B-75 Beast 4119 | -6/Extension | Core integrity fell below 50% 4131 | -6/Extension | Rescued a captive Derelict 4134 | -6/Extension | Rescued a captive Derelict 4149 | -6/Extension | Lost 13 parts (1p5n4u3w) 4174 | -6/Extension | Core integrity fell below 20% 4249 | -6/Extension | Rescued a captive Derelict 4316 | -6/Extension | Destroyed by G-50 Soldier with Heavy Laser Last Messages --------------- 04275_ System corrupted: Energy discharge (-39). 04290_ L0-ODK(b) heat damages Lgt. Treads. 04302_ Acquired Neutrino Core. 04304_ Attempting to rewire EE-QQZ(b). 04305_ Y-54 Guardian springs to life. 04305_ Attempting to rewire 9D-FTQ(g). 04307_ Attempting to rewire EE-QQZ(b). 04311_ EE-QQZ(b) rewired. 04312_ Y-54 Guardian suffers critical hit (Smash). 04312_ Destroyed Lgt. Treads. 04312_ Y-54 Guardian system corrupted by crushing effect. 04315_ Y-54 Guardian suffers critical hit (Smash). 04315_ Destroyed Imp. Deuterium Engine. 04315_ Y-54 Guardian system corrupted by crushing effect. 04316_ Y-54 Guardian system terminally corrupted. Map ----- +----------------------------------------------------+ | | | | | | | | | | | | | | | | | | | | | | | ?????????????????????????????????????????????????? | | ???????????????####??????????????????????????????? | | ???????????##??#T"#??????????????????????????????? | | ?????????###T### "##########?????????????????????? | | ?????????# #########T"####???????? | | ??#??????##### #???????? | | ?############# ^ #???????? | | ?# g g #???????? | | ?# ###g####### #???????? | | ##% % # #???? #???????? | | % + #?????? #???????? | | ## ####" ###### ##### = #??????? ????? | | ?# #??#"T#???# T#?# hYb #????????? ???? | | ## #??####???##""##?#] bg% #???????????#######???? | | T# #????????????????# @ #?????????????????????? | | #####????????????########?????????????????????? | | ## #?????????????????????????????????????????? | | ?###T###?????????????????????????????????????????? | | ???###???????????????????????????????????????????? | | ?????????????????????????????????????????????????? | | ?????????????????????????????????????????????????? | | ?????????????????????????????????????????????????? | | ?????????????????????????????????????????????????? | | ?????????????????????????????????????????????????? | | ?????????????????????????????????????????????????? | | ?????????????????????????????????????????????????? | | ?????????????????????????????????????????????????? | | ?????????????????????????????????????????????????? | | ?????????????????????????????????????????????????? | | ?????????????????????????????????????????????????? | | ?????????????????????????????????????????????????? | | ?????????????????????????????????????????????????? | | ?????????????????????????????????????????????????? | | ?????????????????????????????????????????????????? | | ?????????????????????????????????????????????????? | | ?????????????????????????????????????????????????? | | ############################################ ?? | | ? | | ? | +----------------------------------------------------+ Best States ------------- Heat Dissipation 61 Energy Generation 30 Energy Capacity 350 Matter Stores 300 Matter Capacity 300 Sight Range 22 Robot Scan Range 20 Terrain Scan Density 10 Additional Mass Support 9 Armor Coverage 150 Propulsion Shielding 66 Evasion (%) 64 Recoil Reduction 2 Offensive Hacking 10 Defensive Hacking 20 Item Schematics ----------------- None Robot Schematics ------------------ None Fabricated ------------ Nothing Repaired ---------- Nothing Studied --------- Shock Rifle | -8/Materials | Hacked Lgt. Nuclear Core | -8/Materials | Hacked Lgt. Ion Engine | -8/Materials | Hacked Alien Tech Used ----------------- None Achievements -------------- A Problem For Future Me Bumper Bots DATA ERROR: Steam Global Achievement% Follow The Leader For Emergencies Only Hydra I Have A Map? Item+ Librarian Oops Organ Harvest Party Time Sixth Sense Spot Them First There's More Where That Came From Well Done Window Shopping Challenges ------------ None Game ------ Seed XenonHardenedImpeller Manual? 0 Play Time 01:52:51 Cumulative 35.2 hours Start 2026.04.17 @ 12:03:55 End 2026.04.17 @ 16:13:33 Sessions 3 Manual Loads 0 Difficulty Rogue Special Mode None Game No. 25 Rogue 25 Adventurer 0 Explorer 0 Win Type - Total 0 Types 0/0/0/0/0/0/0/0/0/0 Lore% 14 Gallery% 27 Achievement% 12 Wizard Run 0 Options --------- Layout 1 ASCII 1 Keyboard 1 Movement Vi Keybinds 0 Fullscreen 1 Font 48/Smallcaps Map View 50x35 Zoom Use 0% Tactical HUD 1 Map Filters NONE Filters NONE Steam 1 RUN: 27d9a6e4-3a4d-4c2c-b473-360a92b6871e